 Dungeon Crawl Stone Soup version 0.29-a0-323-g050149af67 (webtiles) character file.

Game seed: 10125355405904142846

105 ImHallYall the Digger (level 4, -3/24 HPs)
             Began as a Gargoyle Earth Elementalist on Apr 11, 2022.
             Slain by an orc
             ... wielding a +0 dagger
              (4 damage)
             ... on level 3 of the Dungeon.
             The game lasted 00:10:20 (3320 turns).

ImHallYall the Digger (Gargoyle Earth Elementalist) Turns: 3320, Time: 00:10:22

Health: -3/24      AC:  6    Str: 14    XL:     4   Next: 83%
Magic:  6/7        EV: 16    Int: 15    God:
Gold:   89         SH:  0    Dex: 10    Spells: 4/8 levels left

rFire   . . .      SeeInvis .   i - +0 mace
rCold   . . .      Faith    .   (no shield)
rNeg    + . .      Spirit   .   b - +0 robe
rPois   ∞          Reflect  .   k - +0 helmet
rElec   +          Harm     +   f - scarf {harm}
rCorr   .          Rampage  .   (no gloves)
Will    .....                   (no boots)
Stlth   ++........              (no amulet)
HPRegen 0.08/turn               m - +4 ring of evasion
MPRegen 0.10/turn               (no ring)

@: no status effects
A: sickness immunity, AC +3, negative energy resistance 1, electricity
resistance, torment resistance 1, petrification resistance
a: no special abilities


You were on level 3 of the Dungeon.
You visited 1 branch of the dungeon, and saw 3 of its levels.

You collected 89 gold pieces.

Inventory:

Hand Weapons
 d - a +1 dagger
 e - a +0 club
 i - a +0 mace (weapon)
 o - a +0 club
Missiles
 a - 76 stones
Armour
 b - a +0 robe (worn)
 f - a scarf of harm (worn)
 k - a +0 helmet (worn)
Jewellery
 m - a +4 ring of evasion (left hand)
Scrolls
 j - a scroll of enchant armour {unknown}
 p - a scroll of summoning {unknown}
Potions
 c - a potion of magic
 g - a potion of curing {unknown}
 h - a potion of brilliance
 n - a potion of lignification {unknown}


   Skills:
 + Level 0.3 Fighting
 + Level 1.0 Short Blades
 + Level 2.0 Dodging
 + Level 3.4 Stealth
 + Level 2.6 Spellcasting
 + Level 0.7 Transmutations
 + Level 4.7 Earth Magic


You had 4 spell levels left.
You knew the following spells:

 Your Spells              Type           Power      Damage    Failure   Level
a - Sandblast             Erth           32%        2d9       3%          1
b - Stone Arrow           Conj/Erth      18%        3d8       24%         3

Your spell library contained the following spells:

 Spells                   Type           Power      Damage    Failure   Level
 Passwall                 Tmut/Erth      8%         N/A       11%         2
 Ignite Poison            Fire/Tmut/Pois 2%         N/A       50%         3
 Conjure Flame            Conj/Fire      1%         6-21      54%         3
 Petrify                  Tmut/Erth      10%        N/A       56%         4
 Sticky Flame             Conj/Fire      1%         2d3       91%         4


Dungeon Overview and Level Annotations

Branches:
Dungeon (3/15)

Altars:
Xom


Innate Abilities, Weirdness & Mutations

You are immune to sickness and miasma.
Your stone body is resilient. (AC +3)
You are immune to poison.
You resist negative energy. (rN+)
You are resistant to electric shocks. (rElec)
You are resistant to unholy torment.
You are immune to petrification.


Message History

The orc wizard hits you with a +0 dagger.
The orc closely misses you. The orc wizard barely misses you.
You hit the orc wizard.
You kill the orc wizard!
The orc hits you but does no damage.
Your Stealth skill increases to level 3!
You barely miss the orc.
The orc barely misses you. x2; Something hits you.
Something hits you but does no damage. The orc barely misses you.
The orc misses you.
You barely miss the orc. The orc closely misses you. The orc barely misses you.
Something barely misses you.
You barely miss the orc. The orc barely misses you. The orc misses you.
Something barely misses you.
You closely miss the orc. The orc misses you.
The orc hits you with a +0 dagger. Something barely misses you.
The orc closely misses you. The orc hits you with a +0 dagger.
Something hits you but does no damage.
You barely miss the orc. The orc closely misses you. The orc misses you.
Something hits you but does no damage.
You hit the orc.
The orc is lightly wounded.
The orc closely misses you. x2; Something hits you but does no damage. x2
The orc hits you with a +0 dagger. The orc hits you with a +0 flail.
You hit the orc.
The orc is heavily wounded.
The orc hits you with a +0 flail.
* * * LOW HITPOINT WARNING * * *
The orc hits you but does no damage. Something hits you.
* * * LOW HITPOINT WARNING * * *
You closely miss the orc.
The orc is heavily wounded.
The orc completely misses you. The orc hits you but does no damage.
Something hits you but does no damage.
You hit the orc.
You kill the orc!
Something hits you.
* * * LOW HITPOINT WARNING * * *
The orc closely misses you. Something hits you but does no damage.
The orc hits you with a +0 dagger.
You die...

## ###
... ..#
#.[.###.#
#......#
##....{o#
......)@#
##.##..##
#... #...
#... #...
#... #...


You could see an orc.

Vanquished Creatures
  An orc wizard (D:3)
  3 adders (D:2)
  3 dart slugs (D:1)
  2 orcs (D:3)
  4 endoplasms
  3 giant cockroaches (D:1)
  6 goblins
  4 hobgoblins
  4 kobolds
  2 quokkas (D:1)
  5 ball pythons
  2 bats
  3 frilled lizards
  3 rats (D:1)
45 creatures vanquished.

Notes
Turn   | Place    | Note
-------+----------+-------------------------------------------
     0 | D:1      | ImHallYall the Gargoyle Earth Elementalist began the quest
                  | for the Orb.
     0 | D:1      | Reached XP level 1. HP: 10/10 MP: 3/3
    31 | D:1      | Reached skill level 4 in Earth Magic
    32 | D:1      | Reached XP level 2. HP: 15/15 MP: 0/5
   332 | D:1      | Reached XP level 3. HP: 3/19 MP: 4/6
   815 | D:1      | Learned a level 2 spell: Passwall
  2379 | D:2      | Found a faded altar of an unknown god.
  2394 | D:2      | Reached XP level 4. HP: 4/24 MP: 5/7
  2742 | D:2      | Prayed at the altar of an unknown god.
  2742 | D:2      | Became a worshipper of Xom of Chaos
  2822 | D:2      | XOM: potion effect (haste)
  2823 | D:2      | Reached skill level 1 in Short Blades
  2906 | D:2      | Learned a level 3 spell: Stone Arrow
  3247 | D:2      | Fell from the grace of Xom
  3320 | D:3      | HP: 1/24 [something (1)]
  3320 | D:3      | Slain by an orc

Illustrated notes

Levels and vault maps discovered:
D:1:      psy_arrival_radial01, layout_loops_cross
D:2:      layout_rooms, ebering_ecumenical_altar_sacrificial
D:3:      layout_basic

Skill      XL: |  1  2  3  4 |
---------------+-------------+-----
Earth Magic    | 4 |  4.7
Short Blades   | 1 |  1.0
Dodging        | 2 |  2.0
Stealth        | 3 |  3.4
Fighting       | |  0.3
Spellcasting   | |  2.6
Transmutations | |  0.7

Action                   |  1- 3 |  4- 6 || total
-------------------------+-------+-------++-------
Melee: Dagger            |   112 |    30 ||   142
       Punch             |     2 |     1 ||     3
       Mace              |       |    13 ||    13
 Cast: Sandblast         |    16 |     8 ||    24
       Passwall          |     4 |       ||     4
Invok: Renounce Religion |       |     1 ||     1
  Use: Scroll            |     3 |     6 ||     9
       Potion            |       |     2 ||     2
 Stab: Sleeping          |     3 |       ||     3
Armor: Robe              |    31 |    21 ||    52
Dodge: Dodged            |    81 |    49 ||   130

Table legend: (Time is in decaauts)
 A = Elapsed time spent in this place.
 B = Non-inter-level travel time spent in this place.
 C = Inter-level travel time spent in this place.
 D = Time resting spent in this place.
 E = Time spent auto-exploring this place.
 F = Levels seen in this place.
 G = Mean time per level.
                   A        B        C        D        E       F      G
               +--------+--------+--------+--------+--------+-----+--------+
         Total |   3299 |   3299 |      0 |   1402 |   1031 |   3 | 1099.7 |
       Dungeon |   3299 |   3299 |      0 |   1402 |   1031 |   3 | 1099.7 |
               +--------+--------+--------+--------+--------+-----+--------+

Top non-repeatable levels by time:
     D:1: 1942 daAuts
     D:2: 1337 daAuts
     D:3: 20 daAuts
